 Dungeon Crawl Stone Soup version 0.31-a0-187-gba352fbbf7 (webtiles) character file.

Game seed: 16893958050921620392

1326 qw the Skirmisher (level 8, -2/46 HPs)
             Began as a Deep Elf Hunter on June 22, 2023.
             Slain by Duvessa
             ... wielding a +0 short sword of electrocution
              (5 damage)
             ... on level 5 of the Dungeon.
             The game lasted 00:01:33 (3393 turns).

qw the Skirmisher (Deep Elf Hunter)                 Turns: 3393, Time: 00:01:33

Health: -2/46      AC:  6    Str: 10    XL:     8   Next: 34%
Magic:  19/19      EV: 13    Int: 15    God:
Gold:   239        SH:  0    Dex: 23    Spells: 7/7 levels left

rFire   . . .        Y - +1 shortbow (heavy)
rCold   + . .        (shield currently unavailable)
rNeg    + . .        e - +0 ring mail
rPois   .            (no helmet)
rElec   .            (no cloak)
rCorr   +            g - +0 pair of gloves
SInv    .            (no boots)
Will    .....        b - amulet of Ocifyum {Fly Regen+ rCorr MP+9 Dex+5}
Stlth   ++           c - ring "Vulucw" {rC+ rN+ rCorr}
HPRegen 1.07/turn    (no ring)
MPRegen 0.16/turn

%: no passive effects
@: flying
A: no striking features
a: no special abilities


You were on level 5 of the Dungeon.
You visited 1 branch of the dungeon, and saw 5 of its levels.

You collected 239 gold pieces.


   Skills:
 - Level 3.0 Fighting
 - Level 12.7 Ranged Weapons
 - Level 1.0 Armour
 + Level 4.6 Dodging
 - Level 1.2 Stealth


You had 7 spell levels left.
You didn't know any spells.
Your spell library was empty.

Inventory:

Hand Weapons
 Y - a +1 heavy shortbow (weapon)
Armour
 e - a +0 ring mail (worn)
 g - a +0 pair of gloves (worn)
Jewellery
 a - a ring of poison resistance
 b - the amulet of Ocifyum (around neck) {Fly Regen+ rCorr MP+9 Dex+5}
   (You acquired it on level 2 of the Dungeon)

   [amulet of regeneration]

   Dex:       It affects your dexterity (+5).
   MP:        It affects your magic capacity (+9).
   Fly:       It grants you flight.
   Regen:     It increases your rate of health regeneration.
   rCorr:     It protects you from acid and corrosion.
 c - the ring "Vulucw" (left hand) {rC+ rN+ rCorr}
   (You acquired it on level 2 of the Dungeon)

   [ring of positive energy]

   rC:        It protects you from cold.
   rN:        It protects you from negative energy.
   rCorr:     It protects you from acid and corrosion.
 i - the amulet of Elemental Vulnerability {rPois rF-- rC-- AC+8}
   (You found it on level 3 of the Dungeon)

   [amulet of nothing]

   AC:        It affects your AC (+8).
   rF:        It makes you very vulnerable to fire.
   rC:        It makes you very vulnerable to cold.
   rPois:     It protects you from poison.
Scrolls
 d - 3 scrolls of identify

Dungeon Overview and Level Annotations

Branches:
Dungeon (5/15)
 Temple: D:4-7

Altars:
Sif Muna
Zin

Annotations:
D:5 Dowan, Duvessa


Message History

Enter note:
Enter note: You shoot an arrow.
The arrow barely misses Duvessa.
Duvessa shouts!
You hear a shout!
You shoot an arrow. The arrow hits Duvessa!
Duvessa is moderately wounded.
Dowan, Brother of Duvessa comes into view.
He is wielding a +0 dagger.
You shoot an arrow. The arrow barely misses Duvessa.
You shoot an arrow. The arrow closely misses Duvessa.
Duvessa says, "When magic and the sword combine, nothing stands against them."
Dowan gestures wildly while chanting.
Dowan blinks!
You shoot an arrow. The arrow hits Dowan!
Dowan is moderately wounded.
Dowan closely misses you.
Duvessa hits you with a +0 short sword of electrocution.
Dowan hits you but does no damage.
You shoot an arrow.
The arrow hits Duvessa but does no damage.
Duvessa is moderately wounded.
Duvessa hits you with a +0 short sword of electrocution.
You are electrocuted!
Dowan hits you with a +0 dagger.
You shoot an arrow. The arrow barely misses Duvessa.
Duvessa hits you with a +0 short sword of electrocution.
Dowan points at you and mumbles some strange words.
The puff of flame misses you.
You shoot an arrow. The arrow hits Duvessa!
Duvessa is heavily wounded.
Duvessa closely misses you. Dowan barely misses you.
You shoot an arrow. The arrow completely misses Duvessa.
Duvessa hits you with a +0 short sword of electrocution.
Dowan casts a spell at you. The puff of flame misses you.
You shoot an arrow. The arrow hits Duvessa.
Duvessa is severely wounded.
Duvessa hits you with a +0 short sword of electrocution!
You are electrocuted!
Dowan barely misses you.
Duvessa hits you with a +0 short sword of electrocution.
You die...

#.........<..........
##.#.#.#.#.#.#.#.#.#.#
#.....................
##.#.#.#.#%#.#.#.#.#.#
#######...####))# .
#...####.###....
#.......))......
#.....######....
#...#...e@# ..
#...#####.e......
#...### ######### #
#.....# ....# ##
#...#.# #.#.# .#
#########.##....# .#
#.............#
.###............##
...........##....#


You could see Duvessa and Dowan.

Vanquished Creatures
  Pikel (D:5)
  Eustachio (D:4)
  An orc warrior (D:5)
  An ogre (D:5)
  A lemure (D:5)
  2 hounds
  4 orc priests
  3 iguanas
  4 orc wizards
  6 gnolls (D:3)
  3 adders
  A shadow imp (D:5)
  2 dart slugs (D:3)
  15 orcs
  4 bats
  8 endoplasms
  4 giant cockroaches
  5 goblins
  7 hobgoblins
  6 quokkas
  8 ball pythons
  4 frilled lizards
  3 kobolds
  5 rats
99 creatures vanquished.

Notes
Turn   | Place    | Note
-------+----------+-------------------------------------------
     0 | D:1      | qw the Deep Elf Hunter began the quest for the Orb.
     0 | D:1      | Reached XP level 1. HP: 12/12 MP: 3/3
     0 | D:1      | 0 ||| qw: Version: 0.3-a-9-g12657ce
     0 | D:1      | 0 ||| qw: Game counter: 2650
     0 | D:1      | 0 ||| qw: Always use a shield: true
     0 | D:1      | 0 ||| qw: God list: Okawaru
     0 | D:1      | 0 ||| qw: Allow faded altars: false
     0 | D:1      | 0 ||| qw: Do Orc after D:15 true
     0 | D:1      | 0 ||| qw: Do second Lair branch before Depths: true
     0 | D:1      | 0 ||| qw: Lair rune preference: random
     0 | D:1      | 0 ||| qw: Plans: Normal
     0 | D:1      | 0 ||| PLANNING D:1-11
   224 | D:1      | Reached XP level 2. HP: 16/16 MP: 4/4
   235 | D:1      | Reached skill level 6 in Ranged Weapons
   241 | D:1      | Found a faded altar of an unknown god.
   653 | D:1      | 653 ||| UPGRADING to +0 scale mail.
   663 | D:1      | 663 ||| DROPPING +0 leather armour.
   664 | D:1      | 664 ||| UPGRADING to +0 pair of gloves.
   669 | D:1      | 669 ||| READING scroll labelled UCLEPI RAD USUYSS.
   670 | D:1      | 670 ||| READING scroll labelled IMMEFI YPIL.
   671 | D:1      | 671 ||| DROPPING scroll of butterflies.
   846 | D:2      | Reached XP level 3. HP: 20/20 MP: 5/5
  1141 | D:2      | Reached skill level 7 in Ranged Weapons
  1264 | D:2      | 1264 ||| UPGRADING to +0 ring mail.
  1274 | D:2      | 1274 ||| DROPPING +0 scale mail.
  1275 | D:2      | 1275 ||| DROPPING ring of wizardry.
  1276 | D:2      | 1276 ||| READING scroll labelled TACLUTEWIQ.
  1277 | D:2      | 1277 ||| READING scroll labelled CURAMODYUFU.
  1278 | D:2      | 1278 ||| READING scroll labelled MUOCOVOLOA.
  1279 | D:2      | 1279 ||| READING 2 scrolls labelled YQINTI SOISS.
  1279 | D:2      | Identified 2 scrolls of acquirement
  1279 | D:2      | 1279 ||| ACQUIRING ring "Vulucw" {rC+ rN+ rCorr}
  1279 | D:2      | Acquired the ring "Vulucw" {rC+ rN+ rCorr}
  1280 | D:2      | 1280 ||| READING scroll of acquirement.
  1280 | D:2      | 1280 ||| ACQUIRING amulet of Ocifyum {Fly Regen+ rCorr MP+9
                  | Dex+5}
  1280 | D:2      | Acquired the amulet of Ocifyum {Fly Regen+ rCorr MP+9
                  | Dex+5}
  1282 | D:2      | 1282 ||| UPGRADING to amulet of Ocifyum {Fly Regen+ rCorr
                  | MP+9 Dex+5}.
  1352 | D:2      | 1352 ||| UPGRADING to ring "Vulucw" {rC+ rN+ rCorr}.
  1353 | D:2      | 1353 ||| READING scroll labelled BORPHO JO USE.
  1354 | D:2      | 1354 ||| DRINKING 2 green potions.
  1364 | D:2      | 1364 ||| DROPPING potion of ambrosia.
  1699 | D:3      | Reached XP level 4. HP: 25/25 MP: 6/6
  1706 | D:3      | Reached skill level 8 in Ranged Weapons
  1707 | D:3      | HP: 3/25 [gnoll/+0 spear (6)]
  1746 | D:3      | Reached XP level 5. HP: 29/29 MP: 7/7
  1824 | D:3      | Found the amulet of Elemental Vulnerability {rPois rF--
                  | rC-- AC+8}
  1943 | D:3      | Found a faded altar of an unknown god.
  1949 | D:3      | Found a glowing silver altar of Zin.
  2112 | D:3      | 2112 ||| DROPPING +6 ring of intelligence.
  2113 | D:3      | 2113 ||| READING 2 scrolls of identify.
  2113 | D:3      | 2113 ||| IDENTIFYING lumpy silvery potion
  2191 | D:4      | Reached skill level 9 in Ranged Weapons
  2206 | D:4      | Reached skill level 3 in Dodging
  2210 | D:4      | HP: 5/30 [orc/+0 flail (4)]
  2211 | D:4      | 2211 ||| DRINKING potion of heal wounds.
  2259 | D:4      | Reached XP level 6. HP: 26/35 MP: 8/8
  2334 | D:4      | Noticed Eustachio
  2350 | D:4      | HP: 6/35 [iron imp[Eustachio] (6)]
  2351 | D:4      | Killed Eustachio
  2352 | D:4      | Reached skill level 10 in Ranged Weapons
  2388 | D:4      | 2388 ||| READING 4 scrolls of identify.
  2388 | D:4      | 2388 ||| IDENTIFYING fizzy orange potion
  2389 | D:4      | 2389 ||| DROPPING potion of brilliance.
  2398 | D:4      | 2398 ||| FLEEEEING.
  2399 | D:4      | 2399 ||| FLEEEEING.
  2400 | D:4      | 2400 ||| FLEEEEING.
  2401 | D:4      | 2401 ||| FLEEEEING.
  2402 | D:4      | 2402 ||| FLEEEEING.
  2406 | D:4      | 2406 ||| FLEEEEING.
  2408 | D:4      | 2408 ||| FLEEEEING.
  2409 | D:4      | 2409 ||| FLEEEEING.
  2410 | D:4      | 2410 ||| FLEEEEING.
  2411 | D:4      | 2411 ||| FLEEEEING.
  2412 | D:4      | 2412 ||| FLEEEEING.
  2415 | D:4      | 2415 ||| STAIRDANCE
  2431 | D:4      | 2431 ||| FLEEEEING.
  2432 | D:4      | 2432 ||| STAIRDANCE
  2452 | D:4      | Reached skill level 1 in Armour
  2897 | D:4      | 2897 ||| STAIRDANCE
  3047 | D:4      | 3047 ||| READING scroll labelled MATWIN YWKU.
  3081 | D:5      | Entered Level 5 of the Dungeon
  3095 | D:5      | Reached XP level 7. HP: 40/40 MP: 9/9
  3211 | D:5      | Found a shimmering blue altar of Sif Muna.
  3252 | D:5      | Noticed Pikel
  3261 | D:5      | Killed Pikel
  3262 | D:5      | Reached skill level 12 in Ranged Weapons
  3262 | D:5      | Reached XP level 8. HP: 44/44 MP: 10/10
  3332 | D:5      | Reached skill level 3 in Fighting
  3338 | D:5      | HP: 9/46 [orc/+0 mace (4)]
  3339 | D:5      | 3339 ||| DRINKING potion of heal wounds.
  3383 | D:5      | Noticed Duvessa
  3385 | D:5      | Noticed Dowan
  3393 | D:5      | HP: 3/46 [Duvessa/+0 short sword of electrocution (14)]
  3393 | D:5      | Slain by Duvessa

Levels and vault maps discovered:
D:1:      dpeg_arrival_arbitrary_a, layout_loops_ring,
          chequers_ecumenical_altar_island, minmay_misc_feat_chi
D:2:      layout_loops_ring, grunt_ministairs_7, kennysheep_generic_room_5
D:3:      layout_loops_ring, nicolae_overflow_ecumenical_swirl,
          hangedman_abyss_or_decor_lesser_grid, grunt_decor_clamped
D:4:      layout_basic, uniq_eustachio
D:5:      layout_rooms, lemuel_crystal_altar, kennysheep_orc_sif_temple,
          st_stairs_13, minmay_misc_feat_doors, serial_bayou_pond_b, uniq_pikel,
          uniq_duvessa

Skill      XL: |  1  2  3  4  5  6  7  8 |
---------------+-------------------------+-----
Ranged Weapons | 6 7 8 9 10 12 | 12.7
Dodging        | 3 4 |  4.6
Fighting       | 2 3 |  3.0
Armour         | 1 |  1.0
Stealth        | |  1.2

Action                     |  1- 3 |  4- 6 |  7- 9 || total
---------------------------+-------+-------+-------++-------
   Fire: Shortbow          |   127 |   127 |    62 ||   316
    Use: Scroll            |     8 |     3 |       ||    11
         Potion            |     1 |     1 |     1 ||     3
 Armour: Scale mail        |    12 |       |       ||    12
         Leather armour    |     2 |       |       ||     2
         Ring mail         |     3 |    32 |    10 ||    45
  Dodge: Dodged            |    31 |    56 |    38 ||   125

Table legend:
 A = Non-vault XP
 B = Vault XP
 C = Vault XP percentage of total XP
 D = Non-vault monster count
 E = Vault monster count
 F = Vault count percentage of total count
                 A         B        C        D         E       F
            +---------+---------+-------+---------+---------+-------
      Total |     627 |    1268 |  66.9 |      85 |      13 |  13.3
            +---------+---------+-------+---------+---------+-------
        D:1 |      30 |       0 |   0.0 |      19 |       0 |   0.0
        D:2 |      33 |       4 |  10.8 |      13 |       3 |  18.8
        D:3 |     168 |       0 |   0.0 |      24 |       0 |   0.0
        D:4 |     282 |     196 |  41.0 |      21 |       1 |   4.5
        D:5 |     114 |    1068 |  90.4 |       8 |       9 |  52.9
            +---------+---------+-------+---------+---------+-------
